 Dungeon Crawl Stone Soup version 0.29.1-12-g30fa7ad0bf (webtiles) character file.

Game seed: 16786447808294138762

188 hawla the Chiller (level 6, -4/42 (45) HPs)
             Began as a Meteoran Ice Elementalist on Dec 26, 2022.
             Slain by a wight
             ... wielding a +3 dagger
              (5 damage)
             ... on level 4 of the Dungeon.
             The game lasted 00:04:09 (773 turns).

hawla the Chiller (Meteoran Ice Elementalist)        Turns: 773, Time: 00:04:10

HP:   -4/42 (45)    AC:  4    Str:  9    XL:     6   Next: 20%
MP:   6/13          EV: 13    Int: 18    God:
Gold: 46            SH:  0    Dex: 16    Spells: 10/14 levels left

rFire   . . .      SeeInvis .   (no weapon)
rCold   . . .      Faith    .   (no shield)
rNeg    . . .      Spirit   .   a - +1 robe
rPois   .          Reflect  .   (no helmet)
rElec   .          Harm     .   (no cloak)
rCorr   .          Rampage  .   c - +0 pair of gloves
Will    .....                   (no boots)
Stlth   +.........              (no amulet)
HPRegen 0.14/turn               (no ring)
MPRegen 0.13/turn               (no ring)

@: freezing walls, glowing, drained
A: sense surroundings 1, otherworldly, glowing, explore regen
a: no special abilities


You were on level 4 of the Dungeon.
You visited 1 branch of the dungeon, and saw 5 of its levels.

You collected 46 gold pieces.

Inventory:

Armour
 a - a +1 robe (worn)
 c - a +0 pair of gloves (worn)
Scrolls
 e - a scroll of fear
Potions
 b - a potion of magic
 d - a potion of lignification {unknown}
 f - 3 potions of curing {unknown}
 g - a potion of experience {unknown}
 h - a potion of brilliance {unknown}
 i - a potion of flight {unknown}


   Skills:
 + Level 0.2 Fighting
 + Level 2.9 Dodging
 - Level 1.4 Stealth
 + Level 4.6 Spellcasting
 + Level 6.3 Ice Magic


You had 10 spell levels left.
You knew the following spells:

 Your Spells              Type           Power      Damage    Failure   Level
a - Freeze                Ice            100%       1d11      1%          1
b - Frozen Ramparts       Ice            52%        1d8       3%          3

Your spell library contained the following spells:

 Spells                   Type           Power      Damage    Failure   Level
 Ozocubu's Armour         Ice            26%        N/A       3%          3
 Hailstorm                Conj/Ice       15%        3d5       36%         4
 Gell's Gravitas          Tloc           4%         N/A       38%         3
 Teleport Other           Tloc           4%         N/A       38%         3
 Tukima's Dance           Hex            4%         N/A       38%         3
 Passage of Golubria      Tloc           4%         N/A       80%         4
 Yara's Violent Unravell  Hex/Tmut       2%         3d3       98%         5
 Dispersal                Tloc           2%         N/A       100%        6


Dungeon Overview and Level Annotations

Branches:
Dungeon (5/15) Zot: 2226
 Temple: D:4-7

Altars:
Zin

Annotations:
D:5 Eustachio


Innate Abilities, Weirdness & Mutations

You passively map a small area around you.
You are easily found by Zot.
You glow in the dark.
You regain HP and MP as you explore.


Message History

The wight hits you with a +3 flail!
As you read the scroll labelled ESIQEST YNUTED, it crumbles to dust.
You assume a fearsome visage.
The wight is unaffected. x5
It was a scroll of fear.
The wight completely resists.
The wall freezes the wight but does no damage.
The wight resists.
The wall freezes the wight.
Okay, then.
Your frozen ramparts will break if you move.
Continue? [Y]es or [N]o only, please.
Your frozen ramparts will break if you move.
Continue?
The frozen ramparts melt away as you move.
The wight closely misses you. x2
The wight hits you with a +0 short sword.
The wight barely misses you.
There is an open door, spattered with blood here.
You aren't carrying any items that you can evoke.
Casting: Freeze (safe; 1% risk of failure)
Confirm with . or Enter, or press ? or * to list all spells.
Casting: Frozen Ramparts (dangerous; 3% risk of failure)
Press: ? - help, Dir - look around, f - activate An open door, spattered with blood.
The walls around you are covered in ice.
The wight closely misses you.
The wall freezes the wight but does no damage.
The wight hits you with a +3 dagger!
* * * LOW HITPOINT WARNING * * *
You feel drained.
* * * LOW HITPOINT WARNING * * *
The wall freezes the wight but does no damage.
The wight barely misses you.
The wight resists.
The wall freezes the wight.
The wight barely misses you.
The wall freezes the wight but does no damage.
The wight hits you with a +3 flail!
* * * LOW HITPOINT WARNING * * *
Unknown command.
You completely miss the wight.
The wight is lightly damaged.
The wall freezes the wight but does no damage.
The wight hits you with a +3 dagger.
You die...

#####.............#....
#....######.......'....
#....#....#.......#...#
#....#....# ... #####
#....#....# ,.. , ,,
#....#....# . , ,,
#....#....# ,
#....#z...# ,, , , *
####....#@####, , ,
........zzz..#, ,,
.......z.....'...
.............#... *
.............# ._ *
........###+##* , , ,
........# ........# ,,
.....z..# , ,


You could see 5 wights.

Vanquished Creatures
  A scorpion (D:4)
  2 iguanas (D:4)
  An orc wizard (D:4)
  2 adders (D:4)
  A dart slug (D:1)
  9 orcs (D:4)
  2 endoplasms
  2 ball pythons (D:4)
  2 goblins (D:4)
  2 kobolds
  A rat (D:1)
25 creatures vanquished.

Notes
Turn   | Place    | Note
-------+----------+-------------------------------------------
     0 | D:1      | hawla the Meteoran Ice Elementalist began the quest for the
                  | Orb.
     0 | D:1      | Reached XP level 1. HP: 14/14 MP: 5/5
   182 | D:1      | Reached XP level 2. HP: 20/20 MP: 3/6
   266 | D:4      | Reached XP level 3. HP: 26/26 MP: 5/8
   304 | D:4      | Noticed a wight
   314 | D:5      | Entered Level 5 of the Dungeon
   314 | D:5      | Noticed Eustachio
   314 | D:5      | Noticed a scorpion
   321 | D:4      | Learned a level 3 spell: Frozen Ramparts
   324 | D:4      | Reached skill level 5 in Ice Magic
   338 | D:4      | Reached XP level 4. HP: 16/33 MP: 0/10
   366 | D:4      | Noticed a scorpion
   374 | D:4      | Killed a scorpion
   375 | D:4      | Reached XP level 5. HP: 28/38 MP: 0/12
   382 | D:4      | Reached skill level 6 in Ice Magic
   517 | D:4      | Reached XP level 6. HP: 39/45 MP: 5/13
   760 | D:4      | Found a glowing silver altar of Zin.
   772 | D:4      | HP: 1/42 [wight/+3 flail (7)]
   773 | D:4      | Slain by a wight

Illustrated notes

Levels and vault maps discovered:
D:1:      evilmike_arrival_fibonacci_small, layout_basic,
          ebering_ecumenical_altar_abandoned
D:2:      layout_loops_corners, serial_forest, infiniplex_forest_straight_2,
          infiniplex_forest_zigzag_1, infiniplex_forest_zigzag_2,
          infiniplex_forest_clump_long, infiniplex_forest_lined_ring,
          infiniplex_forest_lined_room_3, infiniplex_forest_lined_3,
          infiniplex_forest_lined_room_, uniq_terence
D:3:      layout_basic, amcnicky_altar_gilded, glass_columns_a,
          uniq_crazy_yiuf_cottage
D:4:      layout_gridville, grunt_temple_overflow_gold_and_silver,
          feat_on_display
D:5:      layout_layer_cave, minmay_temple_entry_fiery, uniq_eustachio,
          uniq_pikel

Skill      XL: |  1  2  3  4  5 |
---------------+----------------+-----
Spellcasting   | 3 4 |  4.6
Ice Magic      | 5 6 |  6.3
Fighting       | |  0.2
Dodging        | |  2.9
Stealth        | |  1.4

Action                   |  1- 3 |  4- 6 || total
-------------------------+-------+-------++-------
Melee: Unarmed           |     5 |     3 ||     8
 Cast: Freeze            |    15 |    16 ||    31
       Frozen Ramparts   |     2 |     6 ||     8
  Use: Scroll            |     4 |     1 ||     5
Armor: Robe              |     2 |     2 ||     4
Dodge: Dodged            |     7 |    16 ||    23
